 Dungeon Crawl Stone Soup version 0.28-a0-1613-gdaab1c2f9b (webtiles) character file.

Game seed: 7353987233802789548

2677 vineage the Fighter (level 9, -3/61 HPs)
             Began as a Gargoyle Fighter on Jan 21, 2022.
             Was an Initiate of Okawaru.
             Frozen to death by Samael12321's ghost (18 damage)
             ... on level 6 of the Dungeon.
             The game lasted 00:06:11 (5114 turns).

vineage the Fighter (Gargoyle Fighter)              Turns: 5114, Time: 00:06:12

Health: -3/61      AC: 16    Str: 21    XL:     9   Next: 64%
Magic:  9/9        EV: 13    Int: 16    God:    Okawaru [......]
Gold:   529        SH:  5    Dex: 11    Spells: 8/8 levels left

rFire   . . .      SeeInvis .   a - +1 flail (venom)
rCold   . . .      Faith    .   c - +0 buckler
rNeg    + . .      Spirit   .   b - +0 scale mail
rPois   ∞          Reflect  .   (no helmet)
rElec   +          Harm     .   (no cloak)
rCorr   .          Rampage  .   e - +1 pair of gloves
Will    .....                   (no boots)
Stlth   ..........              g - amulet of regeneration
HPRegen 1.00/turn               f - +6 ring of intelligence
MPRegen 0.11/turn               u - +4 ring of evasion

@: mighty
A: sickness immunity, AC +6, negative energy resistance 1, electricity
resistance, torment resistance 1, petrification resistance
a: Renounce Religion


You were on level 6 of the Dungeon.
You worshipped Okawaru.
Okawaru was noncommittal.
You visited 2 branches of the dungeon, and saw 7 of its levels.
You also visited: Ossuary.

You collected 529 gold pieces.

Inventory:

Hand Weapons
 a - a +1 flail of venom (weapon)
Armour
 b - a +0 scale mail (worn)
 c - a +0 buckler (worn)
 e - a +1 pair of gloves (worn)
Jewellery
 f - a +6 ring of intelligence (left hand)
 g - an amulet of regeneration (around neck)
 r - a ring of magical power
 t - a ring of willpower
 u - a +4 ring of evasion (right hand)
Wands
 m - a wand of flame (14)
Scrolls
 h - 5 scrolls of teleportation
 o - 4 scrolls of enchant weapon
 v - a scroll of brand weapon
 w - a scroll of magic mapping {unknown}
 x - a scroll of amnesia
 y - a scroll of holy word {unknown}
Potions
 d - a potion of flight {unknown}
 i - 2 potions of invisibility
 j - 4 potions of brilliance
 k - 2 potions of resistance
 l - 3 potions of ambrosia
 n - 3 potions of curing
 p - a potion of might
 q - 4 potions of cancellation
 s - a potion of heal wounds


   Skills:
 * Level 9.5 Fighting
 + Level 6.0 Maces & Flails
 + Level 7.1 Armour
 + Level 7.1 Shields


You had 8 spell levels left.
You didn't know any spells.
Your spell library contained the following spells:

 Spells                   Type           Power      Damage    Failure   Level
 Ensorcelled Hibernation  Hex/Ice        0%         N/A       75%         2
 Passwall                 Tmut/Erth      0%         N/A       75%         2
 Ignite Poison            Fire/Tmut/Pois 0%         N/A       93%         3
 Mephitic Cloud           Conj/Pois/Air  0%         N/A       93%         3
 Swiftness                Air            0%         N/A       93%         3
 Freezing Cloud           Conj/Ice/Air   0%         6-21      100%        5


Dungeon Overview and Level Annotations

Branches:
Dungeon (6/15)             Temple (1/1) D:6         Ossuary (visited)

Altars:
Ashenzari
Cheibriados
Dithmenos
Hepliaklqana
Kikubaaqudgha
Nemelex Xobeh
Okawaru
Ru
Sif Muna
Uskayaw
Xom
Zin

Annotations:
D:6 Samael12321's ghost, novice DjIE


Innate Abilities, Weirdness & Mutations

You are immune to sickness and miasma.
Your stone body is resilient. (AC +6)
You are immune to poison.
You resist negative energy. (rN+)
You are resistant to electric shocks. (rElec)
You are resistant to unholy torment.
You are immune to petrification.


Message History

You closely miss Samael12321's ghost.
Samael12321's ghost is lightly damaged.
Samael12321's ghost stares at you. Samael12321's ghost freezes you.
You are frozen!!
You hit Samael12321's ghost but do no damage.
Samael12321's ghost is lightly damaged.
Samael12321's ghost freezes you.
You are frozen!
* * * LOW HITPOINT WARNING * * *
You sock Samael12321's ghost!
Samael12321's ghost is moderately damaged.
Samael12321's ghost hits you but does no damage.
You feel much better. You block Samael12321's ghost's attack.
You feel very mighty all of a sudden.
Samael12321's ghost hits you but does no damage.
You barely miss Samael12321's ghost.
Samael12321's ghost is moderately damaged.
Samael12321's ghost freezes you.
You are frozen!!
You hit Samael12321's ghost.
Samael12321's ghost is moderately damaged.
Samael12321's ghost says, "Foolish people, craving for loot."
Samael12321's ghost freezes you.
You are frozen!
* * * LOW HITPOINT WARNING * * *
You hit Samael12321's ghost.
Samael12321's ghost is heavily damaged.
Samael12321's ghost hits you but does no damage.
Samael12321's ghost hits you.
* * * LOW HITPOINT WARNING * * *
You bludgeon Samael12321's ghost!!
Samael12321's ghost is almost destroyed.
Samael12321's ghost freezes you.
You are frozen!
* * * LOW HITPOINT WARNING * * *
You feel better. Samael12321's ghost freezes you.
You are frozen!!
You die...

####...####..# #.#
##...........## #.####
...#...##.....## #.....
####..##.......## ######
#......###...## #.....##⌠##...##
#....##...##...# #...##..!..##..#
##..#⌠..♣...W@.##
#..##..?..##)..# #...##...##.)..#
#....##⌠##)))..# ###########
#.#...###...#.#####..........
#####....).......................
...######.....#.#######.#..##.###
##.######..#..#.#####.......#.###
#.........#............#.......#


You could see Samael12321's ghost.

Vanquished Creatures
  Grinder (D:4)
  Menkaure (D:4)
  2 sky beasts (D:5)
  A black bear (D:4)
  An ogre (D:5)
  3 phantoms
  3 kobold brigands
  Blork the orc (D:4)
  2 bullfrogs (D:6)
  A water moccasin zombie (D:6)
  A scorpion (D:5)
  5 killer bees (D:6)
  4 wights (D:6)
  2 howler monkeys
  2 jellies
  An orc priest (D:4)
  3 hounds
  7 orc wizards
  Terence (D:3)
  2 iguanas
  A killer bee zombie (D:3)
  9 mummies
  A hound skeleton (D:5)
  4 gnolls (D:5)
  6 adders
  A shadow imp (D:6)
  An adder skeleton (D:4)
  3 worms
  2 dart slugs
  22 orcs
  5 bats
  9 endoplasms
  6 giant cockroaches
  2 gnoll zombies (Ossuary)
  11 goblins
  9 hobgoblins
  6 jackals
  18 kobolds
  2 quokkas
  6 ball pythons
  3 frilled lizards
  3 hobgoblin zombies (Ossuary)
  A kobold zombie (Ossuary)
  2 orc zombies (Ossuary)
  A quokka skeleton (D:4)
  3 rats
181 creatures vanquished.

Vanquished Creatures (collateral kills)
  An orc (D:4)
1 creature vanquished.

Grand Total: 182 creatures vanquished

Notes
Turn   | Place    | Note
-------+----------+-------------------------------------------
     0 | D:1      | vineage the Gargoyle Fighter began the quest for the Orb.
     0 | D:1      | Reached XP level 1. HP: 14/14 MP: 1/1
   124 | D:1      | Reached XP level 2. HP: 17/19 MP: 2/2
   270 | D:1      | Found a faded altar of an unknown god.
   578 | D:1      | Reached XP level 3. HP: 24/24 MP: 3/3
   776 | D:2      | Reached skill level 4 in Fighting
   890 | D:2      | Reached XP level 4. HP: 29/29 MP: 4/4
  1465 | D:3      | Reached XP level 5. HP: 32/34 MP: 5/5
  1635 | D:3      | Noticed Terence
  1643 | D:3      | Killed Terence
  1644 | D:3      | Reached skill level 5 in Fighting
  2066 | D:4      | Noticed a phantom
  2084 | D:3      | Killed a phantom
  2085 | D:3      | Reached XP level 6. HP: 19/40 MP: 6/6
  2255 | D:4      | Reached skill level 6 in Fighting
  2255 | D:4      | Reached XP level 7. HP: 46/46 MP: 7/7
  2380 | D:4      | Reached skill level 5 in Armour
  2380 | D:4      | Reached skill level 5 in Shields
  2389 | D:4      | Noticed Grinder
  2404 | D:4      | Paralysed by Grinder for 3 turns
  2422 | D:4      | Killed Grinder
  2424 | D:4      | Found a sand-covered staircase.
  2435 | Ossuary  | Entered an ossuary
  2507 | Ossuary  | Reached XP level 8. HP: 35/52 MP: 8/8
  2559 | Ossuary  | Reached skill level 7 in Fighting
  2821 | D:4      | Noticed Menkaure
  2838 | D:4      | Killed Menkaure
  2935 | D:4      | Found a shimmering blue altar of Sif Muna.
  3194 | D:4      | Noticed Blork the orc
  3201 | D:4      | Killed Blork the orc
  3698 | D:5      | Entered Level 5 of the Dungeon
  3779 | D:5      | Reached skill level 8 in Fighting
  3779 | D:5      | Reached skill level 5 in Maces & Flails
  3843 | D:5      | Reached XP level 9. HP: 50/60 MP: 9/9
  4446 | D:6      | Reached skill level 9 in Fighting
  4577 | D:6      | Found a staircase to the Ecumenical Temple.
  4597 | Temple   | Entered the Ecumenical Temple
  4672 | Temple   | Became a worshipper of Warmaster Okawaru
  4794 | D:6      | Found a runed translucent door.
  4794 | D:6      | Noticed Samael12321's ghost (novice DjIE)
  5113 | D:6      | HP: 3/61 [frozen (13)]
  5114 | D:6      | Frozen to death by Samael12321's ghost

Illustrated notes

Levels and vault maps discovered:
D:1:      nicolae_arrival_somewhat_less_tricky_arrival, layout_rooms,
          shapermc_ecumenical_altar_mp_highgroup, st_stairs_3
D:2:      cheibrodos_greedy_goblins, layout_rooms, nrook_uturn,
          minmay_heptomino_d4
D:3:      layout_basic, wad_orctagon, uniq_terence
D:4:      layout_basic, nicolae_sif_muna_little_library,
          gup_ossuary_entry_pyramid, uniq_grinder, uniq_blork_the_orc,
          uniq_menkaure
D:5:      layout_basic
D:6:      layout_loops_ring, minmay_temple_entry_nine_rooms,
          hellmonk_ghost_happy_afterlife
Temple:   eino_temple_rhombus

Skill      XL: |  1  2  3  4  5  6  7  8  9 |
---------------+----------------------------+-----
Fighting       | 4 5 6 8 9 |  9.5
Armour         | 4 5 6 7 |  7.1
Shields        | 4 5 6 7 |  7.1
Maces & Flails | 3 4 5 6 |  6.0

Action                   |  1- 3 |  4- 6 |  7- 9 || total
-------------------------+-------+-------+-------++-------
Melee: Flail             |    94 |   211 |   409 ||   714
  Use: Scroll            |     3 |     5 |     9 ||    17
       Potion            |       |     1 |     3 ||     4
Armor: Scale mail        |    66 |   154 |   190 ||   410
Dodge: Dodged            |    41 |   103 |   222 ||   366
Block: Buckler           |    20 |    47 |   115 ||   182

Table legend: (Time is in decaauts)
 A = Elapsed time spent in this place.
 B = Non-inter-level travel time spent in this place.
 C = Inter-level travel time spent in this place.
 D = Time resting spent in this place.
 E = Time spent auto-exploring this place.
 F = Levels seen in this place.
 G = Mean time per level.
                   A        B        C        D        E       F      G
               +--------+--------+--------+--------+--------+-----+--------+
         Total |   5288 |   5048 |    240 |     49 |   3570 |   8 |  661.0 |
       Dungeon |   4921 |   4710 |    211 |     49 |   3385 |   6 |  820.2 |
        Temple |     91 |     62 |     29 |      0 |     54 |   1 |   91.0 |
       Ossuary |    275 |    275 |      0 |      0 |    131 |   1 |  275.0 |
               +--------+--------+--------+--------+--------+-----+--------+

Top non-repeatable levels by time:
     D:4: 1307 daAuts
     D:3: 957 daAuts
     D:6: 817 daAuts
     D:1: 768 daAuts
     D:5: 537 daAuts
     D:2: 533 daAuts
 Ossuary: 275 daAuts
  Temple: 91 daAuts
